 Dungeon Crawl Stone Soup version 0.29-a0-43-g62a80824bf (webtiles) character file.

Game seed: 242168028261159058

23 crazypyro the Skirmisher (level 2, 0/24 HPs)
             Began as a Demonspawn Fighter on Feb 2, 2022.
             Slain by an adder (2 damage)
             ... on level 2 of the Dungeon.
             The game lasted 00:00:51 (1352 turns).

crazypyro the Skirmisher (Demonspawn Fighter)       Turns: 1352, Time: 00:00:51

Health: 0/24       AC:  6    Str: 16    XL:     2   Next: 75%
Magic:  2/2        EV:  9    Int:  9    God:
Gold:   103        SH:  4    Dex: 12    Spells: 1/1 levels left

rFire   . . .      SeeInvis .   a - +0 war axe
rCold   . . .      Faith    .   c - +0 buckler
rNeg    . . .      Spirit   .   b - +0 scale mail
rPois   .          Reflect  .   (no helmet)
rElec   .          Harm     .   (no cloak)
rCorr   .          Rampage  .   (no gloves)
Will    .....                   (no boots)
Stlth   ..........              (no amulet)
HPRegen 0.08/turn               (no ring)
MPRegen 0.08/turn               (no ring)

@: no status effects
A: powered by pain 1
a: no special abilities


You were on level 2 of the Dungeon.
You visited 1 branch of the dungeon, and saw 2 of its levels.

You collected 103 gold pieces.

Inventory:

Hand Weapons
 a - a +0 war axe (weapon)
Armour
 b - a +0 scale mail (worn)
 c - a +0 buckler (worn)
Scrolls
 e - a scroll of enchant armour {unknown}
Potions
 d - a potion of might
 f - a potion of mutation {unknown}
 g - 2 potions of curing {unknown}
 h - 2 potions of lignification {unknown}


   Skills:
 + Level 3.2 Fighting
 * Level 2.2 Axes
 + Level 3.0 Armour
 + Level 0.3 Dodging
 + Level 2.8 Shields


You had one spell level left.
You didn't know any spells.
Your spell library contained the following spells:

 Spells                   Type           Power      Damage    Failure   Level
 Apportation              Tloc           0%         N/A       88%         1
 Alistair's Intoxication  Tmut/Pois      0%         N/A       100%        5


Dungeon Overview and Level Annotations

Branches:
Dungeon (2/15)

Altars:


Innate Abilities, Weirdness & Mutations

You sometimes gain a little power by taking damage.


Message History

2 scrolls labelled FIGHAU BID TOT; a worm corpse An adder is nearby!
You are too injured to fight recklessly!
You are too injured to fight recklessly!
The adder barely misses you. The adder closely misses you.
You completely miss the adder. The adder bites you but does no damage.
You miss the adder. You block the adder's attack. The adder barely misses you.
You barely miss the adder. The adder bites you. The adder barely misses you.
You barely miss the adder. The adder bites you but does no damage.
The adder bites you.
* * * LOW HITPOINT WARNING * * *
You miss the adder. The adder closely misses you.
You closely miss the adder. You block the adder's attack.
The adder barely misses you.
You hit the adder.
The adder is lightly wounded.
The adder bites you.
* * * LOW HITPOINT WARNING * * *
You block the adder's attack.
You hit the adder.
The adder is lightly wounded.
You block the adder's attack. The adder closely misses you.
You hit the adder.
The adder is moderately wounded.
The adder completely misses you. The adder bites you.
* * * LOW HITPOINT WARNING * * *
You miss the adder.
The adder is moderately wounded.
The adder bites you but does no damage. x2
You barely miss the adder.
The adder is lightly wounded.
The adder bites you.
* * * LOW HITPOINT WARNING * * *
You hit the adder.
The adder is moderately wounded.
You block the adder's attack. The adder barely misses you.
You miss the adder.
The adder is moderately wounded.
The adder bites you.
You die...

..# ##.#...<# #.# # #...
.... #.# #.#..#.....
#.####.#..#.....
#..#............
#†.###.#?.# .
#######...##....#.# .
........#.####S.#.##.#
#######.#.###.@......#
#.......#..###..#.##..
###.......##.###........
.....†)..........##.##.#
###†......##............
#.......###..####.##.#
#.............. # #
#######.####..## .# #...


You could see an adder.

Vanquished Creatures
  A worm (D:2)
  3 endoplasms (D:1)
  A giant cockroach (D:1)
  3 hobgoblins
  A jackal (D:1)
  3 ball pythons (D:1)
  3 bats (D:1)
  2 kobolds
  5 rats
22 creatures vanquished.

Notes
Turn   | Place    | Note
-------+----------+-------------------------------------------
     0 | D:1      | crazypyro the Demonspawn Fighter began the quest for the
                  | Orb.
     0 | D:1      | Reached XP level 1. HP: 18/18 MP: 1/1
   284 | D:1      | Gained mutation: You sometimes gain a little power by
                  | taking damage. [demonic ancestry]
   284 | D:1      | Reached XP level 2. HP: 24/24 MP: 2/2
  1352 | D:2      | Slain by an adder

Illustrated notes

Levels and vault maps discovered:
D:1:      zaba_arrival_water, layout_basic, minmay_split_cup_large
D:2:      layout_basic, uniq_robin

Skill      XL: |  1  2 |
---------------+-------+-----
Axes           | 2 |  2.2
Armour         | 3 |  3.0
Fighting       | |  3.2
Dodging        | |  0.3
Shields        | |  2.8

Action                   || total
-------------------------++-------
Melee: War axe           ||    70
Armor: Scale mail        ||    30
Dodge: Dodged            ||    39
Block: Buckler           ||    16

Table legend: (Time is in decaauts)
 A = Elapsed time spent in this place.
 B = Non-inter-level travel time spent in this place.
 C = Inter-level travel time spent in this place.
 D = Time resting spent in this place.
 E = Time spent auto-exploring this place.
 F = Levels seen in this place.
 G = Mean time per level.
                   A        B        C        D        E       F      G
               +--------+--------+--------+--------+--------+-----+--------+
         Total |   1388 |   1371 |     17 |      0 |   1189 |   2 |  694.0 |
       Dungeon |   1388 |   1371 |     17 |      0 |   1189 |   2 |  694.0 |
               +--------+--------+--------+--------+--------+-----+--------+

Top non-repeatable levels by time:
     D:1: 1145 daAuts
     D:2: 242 daAuts
